 Dungeon Crawl Stone Soup version 0.28-a0-828-g0121872642 (webtiles) character file.

Game seed: 15565176980795098614

102 ytrimaz the Chopper (level 4, -2/34 HPs)
             Began as a Demonspawn Gladiator on Nov 10, 2021.
             Slain by a worm (8 damage)
             ... on level 3 of the Dungeon.
             The game lasted 00:02:09 (2199 turns).

ytrimaz the Chopper (Demonspawn Gladiator)          Turns: 2199, Time: 00:02:10

Health: -2/34      AC:  3    Str: 20    XL:     4   Next: 49%
Magic:  1/1        EV: 14    Int: 11    God:
Gold:   83         SH:  0    Dex: 12    Spells: 3/3 levels left

rFire   . . .      SeeInvis .   f - +9 broad axe of the Two Names {antimagic, Str+4 Int+2 Dex-2}
rCold   . . .      Faith    .   (no shield)
rNeg    . . .      Spirit   .   b - +0 leather armour
rPois   .          Reflect  .   (helmet restricted)
rElec   .          Harm     .   (no cloak)
rCorr   .          Rampage  .   (no gloves)
Will    .....                   (no boots)
Stlth   +.........              (no amulet)
HPRegen 0.00/turn               h - ring of flight
MPRegen 0.07/turn               (no ring)

@: flying, inhibited regen
A: claws 1, repulsion field 1, horns 1, talons 1, inhibited regeneration
a: no special abilities


You were on level 3 of the Dungeon.
You visited 1 branch of the dungeon, and saw 3 of its levels.

You collected 83 gold pieces.

Inventory:

Hand Weapons
 a - a +0 war axe
 f - the +9 broad axe of the Two Names (weapon) {antimagic, Str+4 Int+2 Dex-2}
   (You acquired it on level 2 of the Dungeon)

   It reduces the magical energy of the wielder, and disrupts the spells and
   magical abilities of those it strikes.
   Natural abilities and divine invocations are not affected.
   Str:       It affects your strength (+4).
   Int:       It affects your intelligence (+2).
   Dex:       It affects your dexterity (-2).
Missiles
 d - 3 throwing nets (quivered)
Armour
 b - a +0 leather armour (worn)
Jewellery
 h - a ring of flight (left claw)
 k - a +4 ring of evasion
Wands
 j - a wand of charming (9)
Scrolls
 e - a scroll of identify
 g - a scroll of vulnerability
Potions
 c - 4 potions of ambrosia {unknown}
 i - a potion of magic
 l - a potion of flight {unknown}


   Skills:
 * Level 2.6 Fighting
 - Level 3.3 Axes
 - Level 1.7 Throwing
 * Level 2.1 Armour
 + Level 3.1 Dodging
 * Level 0.7 Unarmed Combat


You had 3 spell levels left.
You didn't know any spells.
Your spell library contained the following spells:

 Spells                   Type           Power      Damage    Failure   Level
 Freeze                   Ice            0%         1d3       38%         1
 Passwall                 Tmut/Erth      0%         N/A       52%         2
 Call Canine Familiar     Summ           0%         N/A       77%         3
 Frozen Ramparts          Ice            0%         1d2       77%         3
 Portal Projectile        Hex/Tloc       0%         N/A       77%         3
 Summon Guardian Golem    Hex/Summ       0%         N/A       77%         3
 Swiftness                Air            0%         N/A       77%         3
 Hailstorm                Conj/Ice       0%         3d3       99%         4
 Leda's Liquefaction      Hex/Erth       0%         N/A       99%         4
 Malign Gateway           Summ/Tloc      0%         N/A       100%        7
 Orb of Destruction       Conj           0%         N/A       100%        7
 Spellforged Servitor     Conj/Summ      0%         N/A       100%        7
 Summon Horrible Things   Summ           0%         N/A       100%        8


Dungeon Overview and Level Annotations

Branches:
Dungeon (3/15)

Altars:


Innate Abilities, Weirdness & Mutations

You have sharp fingernails.
You are surrounded by a mild repulsion field. (EV +2)
You have a pair of small horns on your head.
You have sharp toenails.
You do not regenerate when monsters are visible.


Message History

A gnoll comes into view. It is wielding a +0 flail.
The bat closely misses you.
You slash the bat!
You kill the bat!
The gnoll hits you with a +0 whip.
You slash the gnoll!
You kill the gnoll!
You have reached level 4!
You feel stronger.
You hit the gnoll but do no damage.
You headbutt the gnoll, but do no damage.
The gnoll hits you with a +0 whip.
The gnoll hits you from afar with a +0 spear.
The gnoll hits you with a +0 whip.
You barely miss the gnoll. You claw the gnoll.
The gnoll is moderately wounded.
The gnoll misses you.
The gnoll hits you from afar with a +0 spear.
The gnoll closely misses you.
A worm comes into view.
The gnoll hits you with a +0 spear.
* * * LOW HITPOINT WARNING * * *
Things that are here:
a +0 whip; a gnoll corpse You slice the gnoll!!
You kill the gnoll!
You barely miss the gnoll. The gnoll hits you but does no damage.
Unknown command.
You hit the gnoll. You claw the gnoll! You headbutt the gnoll.
You kill the gnoll!
You slash the gnoll!
You kill the gnoll!
Your Armour skill increases to level 2!
Things that are here:
a +0 flail; a +0 spear; a gnoll corpse Unknown command.
You slash the worm! You headbutt the worm!
The worm is severely wounded.
The worm bites you!
You die...

#######.#........
#.# #.#.######.
##)####.#
#####.#.#
...>....#
........#####
##.......
#####.....).#
########
#######)# #)# #.#
#@# #w# #.# #.#
#.# #.# ... #..


You could see a worm.

Vanquished Creatures
  Terence (D:2)
  4 gnolls (D:3)
  A worm (D:2)
  A dart slug (D:3)
  A bat zombie (D:1)
  2 endoplasms (D:2)
  2 giant cockroaches (D:1)
  2 goblins
  3 hobgoblins (D:2)
  3 quokkas
  2 ball pythons (D:1)
  2 bats
  3 frilled lizards (D:1)
  3 kobolds
  A quokka zombie (D:1)
  2 rats
33 creatures vanquished.

Notes
Turn   | Place    | Note
-------+----------+-------------------------------------------
     0 | D:1      | ytrimaz the Demonspawn Gladiator began the quest for the
                  | Orb.
     0 | D:1      | Reached XP level 1. HP: 16/16 MP: 1/1
   277 | D:1      | Gained mutation: You are surrounded by a mild repulsion
                  | field. (EV +2) [demonic ancestry]
   277 | D:1      | Reached XP level 2. HP: 22/22 MP: 2/2
   867 | D:2      | Gained mutation: You have sharp toenails. [potion of
                  | mutation]
   867 | D:2      | Gained mutation: You have a pair of small horns on your
                  | head. [potion of mutation]
   867 | D:2      | Gained mutation: You do not regenerate when monsters are
                  | visible. [potion of mutation]
  1210 | D:2      | Identified a scroll of acquirement
  1210 | D:2      | Acquired the +9 broad axe of the Two Names {antimagic,
                  | Str+4 Int+2 Dex-2}
  1536 | D:2      | Noticed Terence
  1540 | D:2      | Killed Terence
  1541 | D:2      | Reached skill level 1 in Armour
  1541 | D:2      | Gained mutation: You have sharp fingernails. [demonic
                  | ancestry]
  1541 | D:2      | Reached XP level 3. HP: 13/28 MP: 1/3
  2191 | D:3      | Reached XP level 4. HP: 30/34 MP: 1/4
  2199 | D:3      | Slain by a worm

Illustrated notes

Levels and vault maps discovered:
D:1:      saegor_arrival_fortress, layout_loops_ring
D:2:      layout_basic, uniq_terence
D:3:      layout_loops_ring

Skill      XL: |  1  2  3  4 |
---------------+-------------+-----
Axes           | 3 |  3.3
Dodging        | 3 |  3.1
Armour         | 1 2 |  2.1
Fighting       | |  2.6
Throwing       | |  1.7
Unarmed Combat | |  0.7

Action                   |  1- 3 |  4- 6 || total
-------------------------+-------+-------++-------
Melee: War axe           |    42 |       ||    42
       Broad axe         |    26 |     5 ||    31
       Headbutt          |     4 |     3 ||     7
       Kick              |     2 |     2 ||     4
  Use: Scroll            |     5 |       ||     5
       Potion            |     1 |       ||     1
 Stab: Sleeping          |     1 |       ||     1
Armor: Leather armour    |    14 |     1 ||    15
Dodge: Dodged            |    52 |     2 ||    54

Table legend: (Time is in decaauts)
 A = Elapsed time spent in this place.
 B = Non-inter-level travel time spent in this place.
 C = Inter-level travel time spent in this place.
 D = Time resting spent in this place.
 E = Time spent auto-exploring this place.
 F = Levels seen in this place.
 G = Mean time per level.
                   A        B        C        D        E       F      G
               +--------+--------+--------+--------+--------+-----+--------+
         Total |   2224 |   2193 |     31 |    200 |   1717 |   3 |  741.3 |
       Dungeon |   2224 |   2193 |     31 |    200 |   1717 |   3 |  741.3 |
               +--------+--------+--------+--------+--------+-----+--------+

Top non-repeatable levels by time:
     D:2: 1100 daAuts
     D:1: 860 daAuts
     D:3: 263 daAuts
